 Dungeon Crawl Stone Soup version 0.32-a0-630-g46d191b0ed (webtiles) character file.

Game seed: 17981078894547211829

125 mopl the Sneak (level 5, -3/24 HPs)
             Began as a Vine Stalker Enchanter on Mar 6, 2024.
             Slain by a gnoll
             ... wielding a +0 flail
              (7 damage)
             ... on level 3 of the Dungeon.
             The game lasted 00:02:25 (2064 turns).

mopl the Sneak (Vine Stalker Enchanter)             Turns: 2064, Time: 00:02:25

Health: -3/24      AC:  2    Str: 10    XL:     5   Next: 9%
Magic:  0/10       EV: 12    Int: 17    God:
Gold:   85         SH:  0    Dex: 15    Spells: 2/10 levels left

rFire   . . .        a - +1 dagger
rCold   . . .        (no shield)
rNeg    . . .        b - +0 robe
rPois   +            (no helmet)
rElec   .            (no cloak)
rCorr   .            (no gloves)
SInv    +            (no boots)
Will    .....        (no amulet)
Stlth   +++          i - ring of poison resistance
HPRegen 1.04/turn    o - ring of see invisible
MPRegen 0.12/turn

%: guardian spirit
@: no status effects
A: fangs 2, regeneration 1, magic shield, antimagic bite, no potion heal 2
a: no special abilities


You were on level 3 of the Dungeon.
You visited 1 branch of the dungeon, and saw 3 of its levels.

You collected 85 gold pieces.

Inventory:

Hand Weapons
 a - a +1 dagger (weapon)
 m - a +0 rapier
Missiles
 p - 3 poisoned darts
Armour
 b - a +0 robe (worn)
Jewellery
 i - a ring of poison resistance (left hand)
 o - a ring of see invisible (right hand)
Scrolls
 d - 2 scrolls of revelation {unknown}
 f - 2 scrolls of fear {unknown}
 g - a scroll of vulnerability {unknown}
 h - a scroll of teleportation {unknown}
 j - a scroll of immolation {unknown}
 k - a scroll of enchant armour {unknown}
 l - a scroll of identify {unknown}
 n - 2 scrolls of amnesia {unknown}
Potions
 c - 2 potions of invisibility
 e - 3 potions of curing {unknown}


   Skills:
 + Level 1.7 Short Blades
 - Level 1.5 Dodging
 * Level 4.9 Stealth
 * Level 3.2 Spellcasting
 * Level 3.9 Hexes


You had 2 spell levels left.
You knew the following spells:

 Your Spells              Type           Power      Damage    Failure   Level
b - Ensorcelled Hibernat  Hex/Ice        18%        N/A       12%         2
c - Confusing Touch       Hex            16%        N/A       10%         3
d - Tukima's Dance        Hex            16%        N/A       10%         3

Your spell library contained the following spells:

 Spells                   Type           Power      Damage    Failure   Level
 Magic Dart               Conj           8%         1d3       17%         1
 Blink                    Tloc           4%         N/A       26%         2
 Call Imp                 Summ           4%         N/A       26%         2
 Dazzling Flash           Conj/Hex       18%        N/A       22%         3
 Fugue of the Fallen      Necr           2%         N/A       45%         3
 Ozocubu's Armour         Ice            2%         N/A       45%         3
 Manifold Assault         Tloc           2%         N/A       86%         4
 Olgreb's Toxic Radiance  Alch           2%         N/A       86%         4
 Ozocubu's Refrigeration  Ice            1%         4d7       100%        7
 Discord                  Hex            8%         N/A       100%        8


Dungeon Overview and Level Annotations

Branches:
Dungeon (3/15)

Altars:

Shops:
D:3 *

Annotations:
D:3 3 runed translucent doors, Konar's ghost, weakling CoHu; Skimidon's ghost, amateur GrHu; nago's ghost, amateur CoGl; protoss039's ghost, amateur DsEE


Innate Abilities, Weirdness & Mutations

You have extremely sharp teeth.
Your natural rate of healing is unusually fast.
When hurt, damage is shared between your health and your magic reserves.
Your bite disrupts and absorbs the magic of your enemies.
Potions cannot restore your health.


Message History

You feel invigorated.
The gnoll is moderately wounded.
The gnoll barely misses you.
You barely miss the gnoll.
The gnoll is moderately wounded.
The gnoll hits you with a +0 spear.
You barely miss the gnoll. You bite the gnoll. You drain its power.
You feel invigorated.
The gnoll is severely wounded.
The gnoll hits you with a +0 spear.
You hit the gnoll.
The gnoll is severely wounded.
The gnoll hits you with a +0 spear.
You hit the gnoll.
The gnoll is almost dead.
The gnoll closely misses you.
You hit the gnoll.
You kill the gnoll!
The gnoll throws an atropa-tipped dart.
The atropa-tipped dart hits you. The orc misses you.
The gnoll closely misses you.
Things that are here:
a +0 spear; a gnoll corpse You closely miss the gnoll.
The orc barely misses you. The gnoll hits you with a +0 flail.
You hit the gnoll but do no damage. The orc closely misses you.
You completely miss the gnoll. The gnoll hits you with a +0 flail.
The orc hits you with a +0 falchion. The gnoll attacks as it pursues you!
The gnoll hits you with a +0 flail!
* * * LOW HITPOINT WARNING * * *
The gnoll attacks as it pursues you! The gnoll hits you with a +0 flail.
* * * LOW HITPOINT WARNING * * *
Casting: Ensorcelled Hibernation (safe; 12% risk of failure)
Confirm with . or Enter, or press ? or * to list all spells.
You don't have enough magic to cast this spell.
Unknown command.
Unknown command.
You hit the gnoll.
The gnoll is moderately wounded.
The gnoll hits you with a +0 flail!
You die...

#### #####..#### #.........#
#..)....## ### ###.#...###..##
#.# .........og@...# ####.##
####.#..#####..#######......
...#.....##..))......#####
........##.##.###.###..# ##
####....##..[#..##..#
#.#..##..........## #
..#...............####
..#.#######.#######+++####<...
.^....#...#...##$W.W..W.!#..##


You could see a gnoll and an orc.

Vanquished Creatures
  An orc wizard (D:3)
  A gnoll (D:3)
  4 adders
  A dart slug (D:1)
  A ribbon worm (D:2)
  2 orcs (D:3)
  5 ball pythons
  5 bats
  3 endoplasms
  2 giant cockroaches
  A goblin (D:3)
  5 hobgoblins
  A quokka (D:2)
  4 frilled lizards
  5 kobolds
  11 rats
52 creatures vanquished.

Notes
Turn   | Place    | Note
-------+----------+-------------------------------------------
     0 | D:1      | mopl the Vine Stalker Enchanter began the quest for the
                  | Orb.
     0 | D:1      | Reached XP level 1. HP: 9/9 MP: 4/4
   146 | D:1      | Reached skill level 1 in Short Blades
   226 | D:1      | Reached XP level 2. HP: 13/13 MP: 6/6
   238 | D:1      | Learned a level 2 spell: Ensorcelled Hibernation
   445 | D:1      | Reached skill level 4 in Stealth
   658 | D:1      | Found a faded altar of an unknown god.
   662 | D:1      | Reached XP level 3. HP: 16/16 MP: 7/7
  1157 | D:2      | Learned a level 3 spell: Confusing Touch
  1662 | D:2      | Reached XP level 4. HP: 21/21 MP: 9/9
  1792 | D:3      | Found a runed translucent gate.
  1792 | D:3      | Found a runed translucent gate.
  1792 | D:3      | Found a runed translucent gate.
  1792 | D:3      | Noticed protoss039's ghost (amateur DsEE)
  1793 | D:3      | Noticed nago's ghost (amateur CoGl)
  1793 | D:3      | Noticed Konar's ghost (weakling CoHu)
  1793 | D:3      | Noticed Skimidon's ghost (amateur GrHu)
  1832 | D:3      | Reached skill level 3 in Spellcasting
  1852 | D:3      | Learned a level 3 spell: Tukima's Dance
  1882 | D:3      | Found Zikk's General Store.
  2000 | D:3      | Reached XP level 5. HP: 17/24 MP: 7/10
  2064 | D:3      | Slain by a gnoll

Illustrated notes

Levels and vault maps discovered:
D:1:      lemuel_arrival_lava_pool, layout_loops_corners,
          basic_ecumenical_altar, chequers_hall_statues_wall_a
D:2:      layout_basic, hangedman_decor_points
D:3:      layout_basic, tgw_sif, serial_shops, shop, gammafunk_ghost_cemetery,
          minmay_cut_off

Skill      XL: |  1  2  3  4 |
---------------+-------------+-----
Short Blades   | 1 |  1.7
Stealth        | 4 |  4.9
Spellcasting   | 3 |  3.2
Dodging        | |  1.5
Hexes          | |  3.9

Action                     |  1- 3 |  4- 6 || total
---------------------------+-------+-------++-------
  Melee: Dagger            |    88 |    69 ||   157
         Bite              |    19 |    18 ||    37
   Cast: Ensorcelled Hiber |     5 |       ||     5
   Stab: Sleeping          |    15 |     1 ||    16
 Armour: Robe              |    41 |    41 ||    82
  Dodge: Dodged            |    54 |    33 ||    87

Table legend: (Time is in decaauts)
 A = Elapsed time spent in this place.
 B = Non-inter-level travel time spent in this place.
 C = Inter-level travel time spent in this place.
 D = Time resting spent in this place.
 E = Time spent auto-exploring this place.
 F = Levels seen in this place.
 G = Mean time per level.
                   A        B        C        D        E       F      G
               +--------+--------+--------+--------+--------+-----+--------+
         Total |   2051 |   1916 |    135 |      0 |   1519 |   3 |  683.7 |
       Dungeon |   2051 |   1916 |    135 |      0 |   1519 |   3 |  683.7 |
               +--------+--------+--------+--------+--------+-----+--------+

Top non-repeatable levels by time:
     D:1: 1066 daAuts
     D:2: 718 daAuts
     D:3: 266 daAuts
